Map: [ESL] Amphion

Players

LiquidMaNa (MaNa)

  • Race: Protoss Protoss
  • League: Grandmaster
  • Spawn Location: 11:00

HeroMarine - Winner!

  • Race: Terran Terran
  • League: Grandmaster
  • Spawn Location: 7:00

Event: HomeStory Cup XXV

VOD

Have the link to the VOD?

Description

Time

  • Played on: June 23, 2024, 10:25 a.m.
  • Length: 9:44

All games in this series

Show
View Real Time Build Order
Export as new Build Order

LiquidMaNa Protoss 

Build Orders: 1 Gate Expand, Oracle Opening, Phoenix Opening 

Get SALT Encoding   

  12  0:00  Probe  
  13  0:12  Probe  
  14  0:17  Pylon  
  14  0:24  Probe (Chrono Boost)  
  15  0:36  Probe (Chrono Boost)  
  15  0:37  Gateway  
  16  0:44  Probe (Chrono Boost)  
  16  0:46  Assimilator  
  17  0:51  Probe  
  18  1:03  Probe  
  19  1:15  Probe  
  20  1:24  Cybernetics Core  
  20  1:27  Probe  
  21  1:39  Nexus  
  21  1:45  Pylon  
  21  1:49  Probe  
  22  1:54  Assimilator  
  22  2:01  Adept (Chrono Boost), Probe  
  25  2:13  Probe  
  26  2:18  Stargate  
  26  2:21  Adept (Chrono Boost)  
  26  2:27  Probe  
  29  2:37  Warp Gate  
  29  2:39  Probe  
  30  2:51  Adept, Probe  
  32  2:52  Probe  
  34  3:00  Oracle (Chrono Boost)  
  34  3:04  Probe x2  
  39  3:11  Gateway  
  39  3:16  Probe x2 (Chrono Boost)  
  41  3:21  Shield Battery  
  41  3:28  Probe (Chrono Boost)  
  41  3:32  Phoenix  
  41  3:34  Probe (Chrono Boost)  
  45  3:36  Probe (Chrono Boost)  
  46  3:41  Pylon  
  46  3:59  Probe x2, Phoenix  
  46  4:02  Twilight Council  
  50  4:11  Probe x2  
  50  4:13  Pylon  
  52  4:20  Gateway  
  52  4:22  Gateway  
  52  4:23  Probe  
  53  4:28  Phoenix  
  53  4:34  Probe  
  53  4:35  Probe  
  53  4:36  Charge (Chrono Boost)  
  55  4:46  Probe  
  56  4:54  Phoenix, Pylon  
  56  4:57  Probe  
  59  5:00  Nexus  
  59  5:02  Pylon  
  59  5:07  Probe  
  59  5:09  Probe  
  61  5:18  Gateway  
  61  5:19  Phoenix  
  63  5:23  Zealot x3  
  63  5:28  Zealot  
  71  5:29  Probe x2  
  71  5:35  Pylon  
  73  5:41  Probe  
  73  5:42  Probe  
  75  5:44  Phoenix  
  77  5:53  Zealot x4  
  85  5:57  Pylon  
  85  5:59  Pylon  
  85  6:08  Pylon  
  85  6:14  Zealot x3  
  85  6:15  Zealot x2  
  93  6:21  Phoenix  
  91  6:34  Zealot x2  
  91  6:35  Zealot x3  
  91  6:36  Probe x2  
  91  6:48  Probe  
  91  6:49  Phoenix  
  78  6:56  Zealot x5  
  78  7:14  Phoenix  
  76  7:22  Zealot x3  
  76  7:23  Zealot x2  
  80  7:35  Nexus  
  76  7:42  Probe x2  
  74  7:44  Phoenix  
  74  7:46  Zealot x4  
  82  7:51  Zealot  
  82  7:54  Pylon, Probe  
  85  7:59  Robotics Facility  
  85  8:04  Probe  
  85  8:06  Probe  
  85  8:08  Assimilator  
  86  8:16  Probe  
  82  8:23  Zealot x4  
  82  8:25  Probe  
  89  8:28  Probe  
  90  8:34  Phoenix  
  90  8:38  Probe  
  93  8:44  Pylon  
  93  8:46  Shield Battery  
  93  8:47  Zealot x3, Sentry  
  101  8:54  Robotics Bay  
  101  8:55  Observer (Chrono Boost)  
  102  9:01  Phoenix  
  103  9:11  Zealot  
  103  9:12  Zealot x3  
  88  9:33  Zealot x4  
Show
View Real Time Build Order
Export as new Build Order

HeroMarine Terran - Winner!

Build Orders:  

Get SALT Encoding   

  12  0:00  SCV  
  13  0:12  SCV  
  14  0:17  Supply Depot  
  14  0:24  SCV  
  15  0:39  SCV  
  15  0:41  Barracks  
  16  0:44  Refinery  
  16  0:51  SCV  
  17  1:03  SCV  
  18  1:15  SCV  
  19  1:27  Orbital Command, Marine  
  20  1:41  Command Center  
  20  1:53  Factory  
  20  1:55  SCV  
  21  2:03  Barracks Reactor  
  21  2:06  Supply Depot  
  21  2:09  SCV  
  21  2:14  Refinery  
  22  2:21  SCV  
  23  2:33  SCV  
  23  2:36  Hellion  
  26  2:40  Marine  
  26  2:41  Marine, Starport  
  28  2:45  SCV  
  29  2:53  Orbital Command  
  29  2:57  SCV  
  30  3:02  Cyclone  
  32  3:09  SCV, Marine x2  
  35  3:20  SCV  
  35  3:22  SCV  
  35  3:23  Medivac  
  39  3:27  Supply Depot  
  39  3:28  Marine  
  39  3:29  Marine  
  39  3:32  SCV  
  39  3:34  SCV  
  43  3:35  Factory Tech Lab  
  43  3:45  SCV, Barracks  
  43  3:46  SCV  
  45  3:53  Marine x2  
  47  3:58  SCV x2  
  47  4:02  Barracks  
  47  4:05  Siege Tank  
  50  4:10  Supply Depot  
  50  4:11  Marine x2  
  50  4:13  SCV  
  50  4:14  SCV  
  50  4:15  Starport Tech Lab  
  54  4:21  Engineering Bay  
  54  4:26  SCV  
  54  4:31  SCV, Marine x2  
  57  4:38  SCV  
  57  4:40  Refinery  
  57  4:41  Supply Depot  
  57  4:43  Marine  
  57  4:44  SCV  
  60  4:45  Stimpack  
  60  4:49  Marine x2  
  62  4:57  Terran Infantry Weapons Level 1  
  62  5:02  Supply Depot  
  62  5:03  SCV x2  
  64  5:09  Combat Shield, Starport Reactor, Factory Reactor  
  64  5:10  Marine, Refinery  
  64  5:11  Marine x3  
  68  5:15  Supply Depot, SCV x2  
  70  5:24  Missile Turret  
  70  5:27  SCV x2, Missile Turret  
  71  5:29  Marine x4  
  77  5:46  Marine  
  77  5:47  Marine, Marauder x2  
  77  5:49  Medivac  
  85  5:50  Medivac  
  85  5:52  Supply Depot  
  85  5:54  Supply Depot  
  85  6:06  Marine  
  86  6:13  Marine  
  86  6:14  Marauder x2  
  86  6:15  Widow Mine x2  
  95  6:23  Marine  
  94  6:31  SCV, Marine  
  93  6:35  Marauder  
  93  6:36  Medivac x2  
  93  6:38  Orbital Command  
  98  6:41  Marine  
  91  6:49  Marine  
  91  6:53  Marine x2  
  79  6:56  Marine  
  79  6:57  Siege Tank  
  79  7:00  SCV  
  78  7:02  Marine  
  78  7:07  Marine  
  78  7:08  SCV  
  81  7:11  Marine x2  
  81  7:12  SCV  
  81  7:14  Marine  
  81  7:15  Medivac  
  87  7:18  Medivac  
  87  7:19  Marine  
  86  7:25  Marine  
  86  7:29  Marine x2  
  87  7:32  Concussive Shells, Marine  
  87  7:33  Siege Tank  
  90  7:37  Marine  
  90  7:43  Marine  
  89  7:45  Medivac  
  89  7:47  Marine x2  
  89  7:49  SCV x2  
  89  7:50  Marine  
  94  7:52  Supply Depot  
  94  7:54  Medivac  
  94  7:55  Marine  
  97  8:00  Marine  
  97  8:04  Marine  
  97  8:05  Marine  
  102  8:07  Marine  
  102  8:08  Supply Depot  
  102  8:10  Supply Depot  
  101  8:13  Marine  
  101  8:14  Siege Tank  
  101  8:18  Marine  
  99  8:22  Marine x2  
  99  8:25  Marine  
  99  8:26  SCV x2  
  102  8:31  Marine  
  102  8:32  Medivac x2  
  107  8:36  Marine  
  107  8:38  SCV x2  
  107  8:40  Marine x2  
  112  8:43  Marine  
  112  8:48  Siege Tank  
  116  8:49  Marine  
  116  8:54  Marine  
  118  8:58  Marine x2  
  118  9:01  Marine  
  121  9:06  Marine  
  122  9:13  Marine  
  122  9:16  Marine x2  
  125  9:20  Supply Depot, Marine  
  123  9:24  Marine  
Tags
 
Add a new tag
Caveats
  • Supply blocks, unpowered buildings, or Contaminate may cause inaccurate times.
  • Supply counts are checked every 10 seconds.